 Dungeon Crawl Stone Soup version 0.22-a0-409-gb855193 (webtiles) character file.

58186 theanonym the Fighter (level 14, -17/121 HPs)
             Began as a Mummy Enchanter on May 9, 2018.
             Was an Initiate of Gozag.
             Demolished by an ettin
             ... wielding a +0 dire flail
              (36 damage)
             ... on level 2 of the Orcish Mines on May 10, 2018.
             The game lasted 01:27:06 (43685 turns).

theanonym the Fighter (Mummy Enchanter)            Turns: 43685, Time: 01:27:06

Health: -17/121    AC: 25    Str: 20    XL:     14   Next: 48%
Magic:  18/18      EV:  6    Int: 14    God:    Gozag
Gold:   3490       SH: 12    Dex: 14    Spells: 17/18 levels left

rFire    . . .     SeeInvis .   f - +0 short sword (speed)
rCold    + . .     Gourm    .   x - +0 shield
rNeg     + + +     Faith    .   v - +4 plate armour {rF+}
rPois    ∞         Spirit   .   i - +0 helmet
rElec    .         Reflect  .   j - +0 cloak
rCorr    .         Harm     .   z - +1 pair of gloves {Str+3}
MR       +....                  u - +0 pair of boots
Stlth    ..........             s - amulet of the acrobat
HPRegen  0.30/turn              o - +2 ring of strength
MPRegen  0.16/turn              k - +3 ring of slaying

@: about to teleport
A: no food or potions, fire vulnerability, cold resistance 1, negative energy
resistance 3, torment resistance, unbreathing, in touch with death 1
a: Potion Petition, Call Merchant, Bribe Branch, Renounce Religion


Innate Abilities, Weirdness & Mutations

You do not eat or drink.
Your flesh is vulnerable to fire.
You are immune to poison.
Your flesh is cold resistant. (rC+)
You are immune to negative energy. (rN+++)
You are immune to unholy pain and torment.
You can survive without breathing.
You are in touch with the powers of death.


   Skills:
 + Level 14.4 Fighting
 - Level 10.0 Short Blades
 + Level 10.6 Armour
 - Level 1.5 Dodging
 - Level 2.4 Stealth
 + Level 10.6 Shields
 - Level 2.6 Spellcasting
 - Level 2.6 Hexes


You had 17 spell levels left.
You knew the following spells:

 Your Spells              Type           Power        Failure   Level  Hunger
a - Corona                Hex            #......      91%         1    N/A

Skill      XL: |  1  2  3  4  5  6  7  8  9 10 11 12 13 14 |
---------------+-------------------------------------------+-----
Short Blades   | 1 2 3 4 5 6 8 9 10 | 10.0
Fighting       | 1 2 3 4 5 6 8 9 11 12 13 14 | 14.4
Armour         | 4 6 8 9 10 | 10.6
Shields        | 4 6 8 9 10 | 10.6
Dodging        | |  1.5
Stealth        | |  2.4
Spellcasting   | |  2.6
Hexes          | |  2.6

Action                   |  1- 3 |  4- 6 |  7- 9 | 10-12 | 13-15 || total
-------------------------+-------+-------+-------+-------+-------++-------
Melee: Dagger            |    36 |    83 |   543 |  1358 |  1319 ||  3339
       Short sword       |   226 |   117 |       |       |    60 ||   403
       Rapier            |       |       |   187 |    15 |       ||   202
       Scimitar          |       |       |       |   163 |   323 ||   486
 Cast: Corona            |     8 |       |     1 |       |       ||     9
Invok: Potion Petition   |       |       |       |     1 |     2 ||     3
Evoke: Wand              |       |       |     1 |     6 |     6 ||    13
       Box of beasts     |       |       |       |       |     2 ||     2
       Lamp of fire      |       |       |       |       |     1 ||     1
  Use: Scroll            |     5 |     3 |    11 |    14 |     7 ||    40
 Stab: Distracted        |       |       |     3 |     1 |     4 ||     8
       Confused          |       |       |       |     3 |       ||     3
       Invisible         |       |       |       |     2 |       ||     2
Armor: Leather armour    |    49 |       |       |       |       ||    49
       Scale mail        |   115 |    72 |    39 |       |       ||   226
       Plate armour      |       |       |   312 |   561 |   630 ||  1503
Dodge: Dodged            |   177 |    56 |    46 |   170 |   268 ||   717
Block: Shield            |       |    40 |   192 |   522 |   689 ||  1443
       Rpst.: Scimitar   |       |       |       |     8 |    18 ||    26

Inventory:

Hand Weapons
 a - a +3 scimitar of freezing
   (You took it off an orc warrior on level 7 of the Dungeon)
 b - the +6 dagger of Jupn {pierce, Int+7}
   (You found it on level 7 of the Dungeon)

   It inflicts extra damage upon your enemies.
   It affects your intelligence (+7).
 c - a +2 dagger of venom
   (You took it off an orc wizard on level 1 of the Orcish Mines)
 f - a +0 short sword of speed (weapon)
   (You bought it in a shop on level 2 of the Orcish Mines)
Armour
 i - a +0 helmet (worn)
   (You found it on level 5 of the Dungeon)
 j - a +0 cloak (worn)
   (You took it off Maurice on level 1 of the Orcish Mines)
 u - a +0 pair of boots (worn)
   (You found it on level 2 of the Lair of Beasts)
 v - a +4 plate armour of fire resistance (worn)
   (You bought it in a shop on level 4 of the Dungeon)
 x - a +0 shield (worn)
   (You bought it in a shop on level 4 of the Dungeon)
 z - a +1 pair of gloves of strength (worn)
   (You bought it in a shop on level 2 of the Orcish Mines)
Jewellery
 e - an uncursed amulet of magic regeneration
   (You found it on level 9 of the Dungeon)
 g - an uncursed ring of magical power
   (You found it on level 6 of the Dungeon)
 h - an uncursed ring of flight
   (You found it on level 1 of the Dungeon)
 k - a +3 ring of slaying (right hand)
   (You took it off a crimson imp on level 7 of the Dungeon)
 l - an uncursed ring of resist corrosion
   (You found it on level 1 of the Dungeon)
 o - a +2 ring of strength (left hand)
   (You found it on level 3 of the Lair of Beasts)
 p - an uncursed ring of protection from cold
   (You found it on level 8 of the Dungeon)
 q - an uncursed ring of ice
   (You found it on level 1 of the Lair of Beasts)
 s - an amulet of the acrobat (around neck)
   (You found it on level 6 of the Dungeon)
Wands
 d - a wand of digging (7)
   (You took it off Maurice on level 1 of the Orcish Mines)
Scrolls
 m - 3 scrolls of immolation
 n - 3 scrolls of remove curse
 r - 3 scrolls of identify
 t - 6 scrolls of teleportation {!r}
 y - a scroll of magic mapping
Miscellaneous
 w - a lamp of fire
   (You found it on level 4 of the Lair of Beasts)


You were on level 2 of the Orcish Mines.
You worshipped Gozag.
Gozag was most pleased with you.
You were not hungry.

You visited 4 branches of the dungeon, and saw 20 of its levels.
You also visited: Sewer and Ice Cave.

You collected 6157 gold pieces.
You spent 1350 gold pieces at shops.
You paid 1317 gold pieces to Gozag.

Dungeon Overview and Level Annotations

Branches:
Dungeon (11/15)            Temple (1/1) D:4            Lair (6/6) D:8
 Shoals (0/4) Lair:2        Snake (0/4) Lair:4        Slime (0/5) Lair:5
    Orc (2/2) D:10
    Elf: Orc:2

Altars:
Ashenzari
Cheibriados
Dithmenos
Fedhas
Gozag
Kikubaaqudgha
Makhleb
Nemelex Xobeh
Okawaru
Qazlal
Ru
Sif Muna
Uskayaw
Vehumet
Wu Jian
Xom
Yredelemnul
Zin
Beogh

Shops:
D:4 [   D:10 *   Orc:2 *[(

Annotations:
D:7 art
Lair:2 exclusion: lindwurm
Orc:2 Totori's ghost, adept DrBe

.........#....##.##
.............####.##
.............##....#
...................##
....................###
.............#..#...#.###
....<...........##......##
#.........#....##C.......#
#..............W@.......##
............#...........#
#....................#.##
.#........#.......P..###
#............P........#
##..........P.........#
#...............∩.8...#
......#...............#
...................P..#


You could see an ettin and Totori's ghost.

Notes
Turn   | Place    | Note
-------+----------+-------------------------------------------
     0 | D:1      | theanonym the Mummy Enchanter began the quest for the Orb.
     0 | D:1      | Reached XP level 1. HP: 13/13 MP: 4/4
    83 | D:1      | Reached skill level 1 in Short Blades
   209 | D:1      | Reached XP level 2. HP: 13/20 MP: 5/5
   719 | D:1      | Reached skill level 1 in Fighting
  1371 | D:2      | Found a shimmering altar of Xom.
  1371 | D:2      | Found a burning altar of Makhleb.
  1556 | D:2      | Reached skill level 2 in Short Blades
  1720 | D:2      | HP: 9/21 [worm (5)]
  1729 | D:2      | Reached XP level 3. HP: 12/26 MP: 4/7
  2341 | D:3      | Found a glowing drain.
  2354 | Sewer    | Entered a sewer
  2392 | Sewer    | Noticed a big kobold
  2430 | Sewer    | HP: 11/27 [big kobold/whip (4)]
  2436 | Sewer    | HP: 2/27 [big kobold/whip (4)]
  3299 | D:3      | Reached XP level 4. HP: 25/33 MP: 8/8
  3411 | D:4      | Reached skill level 2 in Fighting
  3553 | D:4      | Noticed an ogre
  3604 | D:4      | Reached skill level 3 in Short Blades
  3735 | D:4      | Found a staircase to the Ecumenical Temple.
  3744 | Temple   | Entered the Ecumenical Temple
  3824 | Temple   | Became a worshipper of Gozag Ym Sagoz the Greedy
  3944 | D:4      | HP: 15/33 [scorpion (2)]
  4296 | D:4      | Reached XP level 5. HP: 22/39 MP: 9/9
  4432 | D:4      | Found Fapiq's Armour Shoppe.
  4437 | D:4      | Bought a +0 shield for 63 gold pieces
  4874 | D:4      | Reached skill level 3 in Fighting
  4874 | D:4      | Reached skill level 4 in Short Blades
  4982 | D:4      | Noticed Blork the orc
  4996 | D:3      | Reached XP level 6. HP: 32/47 MP: 10/10
  5347 | D:3      | Killed Blork the orc
  5664 | D:4      | Reached skill level 4 in Fighting
  5664 | D:4      | Reached skill level 5 in Short Blades
  5664 | D:4      | Reached XP level 7. HP: 37/54 MP: 11/11
  5906 | D:5      | Entered Level 5 of the Dungeon
  6030 | D:4      | HP: 14/54 [ogre/giant club (16)]
  6500 | D:5      | Found a shadowy altar of Dithmenos.
  6710 | D:5      | Found a sacrificial altar of Ru.
  6915 | D:5      | Reached skill level 6 in Short Blades
  7101 | D:5      | HP: 11/55 [ogre/giant club (23)]
  7415 | D:5      | HP: 26/55 [ogre/giant club (13)]
  7416 | D:5      | Reached skill level 5 in Fighting
  7623 | D:5      | Found a sacrificial altar of Ru.
  7777 | D:5      | HP: 22/56 [ogre/giant club (15)]
  7784 | D:5      | Reached XP level 8. HP: 21/62 MP: 8/12
  8115 | D:6      | HP: 28/62 [phantom (4)]
  8549 | D:6      | Reached skill level 7 in Short Blades
  8663 | D:4      | Bought a +2 plate armour of fire resistance for 560 gold pieces
  8879 | D:5      | Found a shadowy altar of Dithmenos.
  9367 | D:6      | You fall through a shaft for 2 floors!
  9400 | D:8      | Reached skill level 6 in Fighting
  9955 | D:7      | Noticed a hippogriff
  9991 | D:7      | Killed a hippogriff
 10119 | D:7      | Reached skill level 8 in Short Blades
 10259 | D:7      | Noticed a hippogriff
 10281 | D:7      | HP: 32/65 [hippogriff (2)]
 10287 | D:7      | HP: 28/65 [hippogriff (4)]
 10291 | D:7      | Killed a hippogriff
 10291 | D:7      | Reached XP level 9. HP: 24/71 MP: 13/13
 10666 | D:7      | Reached skill level 7 in Fighting
 11026 | D:7      | Found an ancient bone altar of Kikubaaqudgha.
 11197 | D:7      | Found a stormy altar of Qazlal.
 11197 | D:7      | Found an iron altar of Okawaru.
 11207 | D:7      | Identified the +6 dagger of Jupn {pierce, Int+7} (You found it on level 7 of the Dungeon)
 11450 | D:7      | Reached skill level 9 in Short Blades
 12096 | D:8      | Reached skill level 8 in Fighting
 12373 | D:8      | Noticed a troll
 12434 | D:8      | Found a staircase to the Lair.
 12439 | D:8      | Reached XP level 10. HP: 80/80 MP: 14/14
 12457 | D:8      | Reached skill level 10 in Short Blades
 13049 | D:8      | Reached skill level 1 in Armour
 13073 | D:8      | Found a hide-covered altar of Uskayaw.
 13216 | Lair:1   | Entered Level 1 of the Lair of Beasts
 13302 | Lair:1   | Noticed a spiny frog
 13316 | Lair:1   | Killed a spiny frog
 13316 | Lair:1   | Reached skill level 1 in Shields
 13526 | Lair:1   | Noticed a spiny frog
 13534 | Lair:1   | Killed a spiny frog
 13534 | Lair:1   | Reached skill level 2 in Armour
 13534 | Lair:1   | Reached skill level 2 in Shields
 13718 | Lair:1   | Reached skill level 9 in Fighting
 13756 | Lair:1   | Noticed a spiny frog
 13766 | Lair:1   | Killed a spiny frog
 13949 | Lair:1   | Reached skill level 3 in Armour
 13962 | Lair:1   | Reached skill level 3 in Shields
 14671 | Lair:2   | Kikal: Hi! Your skill training table in dump, is it note_all_skill_levels = true in rc?
 14677 | Lair:2   | Noticed a spiny frog
 14681 | Lair:2   | theanonym: yes
 14681 | Lair:2   | Kikal: thank you
 14753 | Lair:1   | HP: 37/83 [spiny frog (9)]
 15032 | Lair:2   | Noticed a six-headed hydra
 15076 | Lair:1   | HP: 41/84 [spiny frog (14)]
 15078 | Lair:1   | Killed a spiny frog
 15460 | Lair:1   | HP: 37/84 [komodo dragon (16)]
 15465 | Lair:1   | Reached skill level 4 in Armour
 15465 | Lair:1   | Reached skill level 4 in Shields
 15465 | Lair:1   | Reached XP level 11. HP: 40/90 MP: 15/15
 15899 | Lair:2   | Found a staircase to the Shoals.
 16079 | D:8      | Reached skill level 10 in Fighting
 16305 | D:9      | HP: 40/90 [troll (7)]
 16546 | D:9      | Found a hide-covered altar of Uskayaw.
 16713 | D:9      | Noticed a two-headed ogre
 16722 | D:9      | HP: 45/90 [two-headed ogre/giant club (5)]
 16727 | D:9      | HP: 44/90 [two-headed ogre/giant club (2)]
 16732 | D:9      | Killed a two-headed ogre
 17266 | D:10     | Entered Level 10 of the Dungeon
 17465 | D:9      | Reached skill level 5 in Armour
 17465 | D:9      | Reached skill level 5 in Shields
 17772 | D:10     | Found a staircase to the Orcish Mines.
 18034 | D:10     | Noticed Urug
 18167 | D:10     | Found Gozag's Platinum Reserve.
 18169 | D:10     | Found an opulent altar of Gozag.
 18169 | D:10     | Noticed Snorg
 18254 | D:10     | Noticed a deep elf mage
 18314 | D:10     | Killed a deep elf mage
 18491 | D:10     | HP: 39/92 [Urug/enchanted great sword (19)]
 18493 | D:10     | Killed Urug
 18724 | Orc:1    | Entered Level 1 of the Orcish Mines
 18724 | Orc:1    | Noticed an orc sorcerer
 18909 | D:10     | Killed an orc sorcerer
 19033 | Orc:1    | Noticed an orc sorcerer
 19055 | Orc:1    | Killed an orc sorcerer
 19093 | Orc:1    | Noticed Fannar
 19157 | Orc:1    | Killed Fannar
 19157 | Orc:1    | Reached skill level 11 in Fighting
 19157 | Orc:1    | Reached skill level 6 in Armour
 19157 | Orc:1    | Reached skill level 6 in Shields
 19219 | Orc:1    | Noticed Maurice
 19250 | Orc:1    | Killed Maurice
 19349 | Orc:1    | Noticed an orc warlord
 19988 | Orc:1    | Reached XP level 12. HP: 67/100 MP: 16/16
 20376 | D:10     | HP: 47/100 [orc warrior/mace (14)]
 20387 | D:10     | HP: 36/100 [orc warrior/mace (1)]
 20990 | Orc:1    | HP: 46/100 [orc knight/dire flail (11)]
 20994 | Orc:1    | HP: 22/100 [orc knight/dire flail (12)]
 21419 | Orc:1    | Noticed an orc high priest
 21579 | D:10     | Killed an orc high priest
 21825 | Orc:1    | HP: 47/100 [orc priest/divine providence (11)]
 22229 | D:10     | HP: 44/100 [gargoyle/mace (9)]
 22585 | D:10     | HP: 48/100 [Snorg (8)]
 22592 | D:10     | Killed Snorg
 22592 | D:10     | Reached skill level 7 in Armour
 22592 | D:10     | Reached skill level 7 in Shields
 23043 | D:10     | HP: 49/101 [yak (11)]
 23051 | D:10     | HP: 49/101 [yak (1)]
 23075 | D:10     | HP: 49/101 [yak (4)]
 23087 | D:10     | HP: 45/101 [yak (6)]
 23102 | D:10     | HP: 42/102 [yak (4)]
 23404 | D:10     | Upgraded the game from 0.22-a0-407-gb098539 to 0.22-a0-409-gb855193
 23565 | D:10     | HP: 46/102 [orc warlord/long sword (17)]
 23587 | D:10     | HP: 38/102 [orc warlord/long sword (13)]
 23589 | D:10     | HP: 17/102 [orc warlord/long sword (21)]
 23619 | D:10     | HP: 2/102 [orc warlord/long sword (23)]
 24443 | Orc:1    | Paralysed by an orc sorcerer for 3 turns
 24459 | Orc:1    | HP: 43/102 [orc sorcerer/bolt of fire (31)]
 24471 | Orc:1    | HP: 27/102 [orc sorcerer/bolt of fire (19)]
 25067 | Orc:1    | Found a roughly hewn altar of Beogh.
 25224 | Orc:2    | Entered Level 2 of the Orcish Mines
 25233 | Orc:1    | HP: 37/102 [orc warrior/hand axe[an orc knight] (17)]
 25235 | Orc:1    | HP: 13/102 [orc knight/great sword (24)]
 25241 | Orc:1    | HP: 13/102 [orc[an orc knight] (2)]
 25609 | Orc:1    | HP: 46/102 [orc warrior/hand axe[an orc knight] (9)]
 25610 | Orc:1    | Reached skill level 12 in Fighting
 25847 | Orc:1    | HP: 46/102 [orc warrior/scimitar (24)]
 26760 | Lair:2   | HP: 50/102 [elephant (7)]
 26927 | Lair:1   | HP: 43/102 [polar bear (13)]
 26930 | Lair:1   | HP: 19/102 [polar bear (5)]
 27433 | D:11     | Reached skill level 8 in Shields
 27519 | D:11     | Reached skill level 8 in Armour
 27885 | D:11     | HP: 46/103 [red ugly thing (22)]
 28483 | Lair:2   | Noticed a five-headed hydra
 28494 | Lair:2   | Killed a five-headed hydra
 28848 | Lair:2   | Killed a six-headed hydra
 28848 | Lair:2   | Gained mutation: You are in touch with the powers of death. [Mummy growth]
 28848 | Lair:2   | Reached XP level 13. HP: 87/109 MP: 17/17
 29877 | Lair:3   | HP: 49/109 [eight-headed hydra (11)]
 30905 | Lair:4   | Found a staircase to the Snake Pit.
 31207 | Lair:4   | HP: 46/109 [death yak (12)]
 31542 | Lair:4   | Reached skill level 13 in Fighting
 31736 | Lair:4   | HP: 53/111 [death yak (4)]
 31746 | Lair:4   | HP: 38/111 [death yak (1)]
 31753 | Lair:4   | HP: 32/111 [death yak (7)]
 31774 | Lair:4   | HP: 20/111 [death yak (16)]
 31778 | Lair:4   | Reached skill level 9 in Armour
 31778 | Lair:4   | Reached skill level 9 in Shields
 33026 | Lair:5   | Found a staircase to the Slime Pits.
 33450 | Lair:6   | Entered Level 6 of the Lair of Beasts
 33607 | Lair:6   | Found a frozen archway.
 33838 | IceCv    | Entered an ice cave
 35088 | IceCv    | HP: 54/111 [polar bear (7)]
 35362 | IceCv    | Noticed a frost giant
 35426 | IceCv    | Killed a frost giant
 35719 | IceCv    | Reached XP level 14. HP: 111/119 MP: 18/18
 36289 | Lair:6   | HP: 59/119 [dire elephant (7)]
 36680 | Lair:6   | Reached skill level 10 in Armour
 36722 | Lair:5   | Reached skill level 10 in Shields
 36800 | Lair:5   | HP: 47/119 [komodo dragon (22)]
 38113 | D:9      | Reached skill level 14 in Fighting
 38492 | Orc:2    | Noticed an orc warlord
 38544 | Orc:1    | HP: 57/120 [orc knight/great sword (12)]
 38549 | Orc:1    | HP: 57/120 [orc knight/great sword (1)]
 38554 | Orc:1    | HP: 44/120 [orc knight/great sword (14)]
 38561 | Orc:1    | HP: 31/120 [orc knight/great sword (14)]
 38567 | Orc:1    | HP: 18/120 [orc knight/great sword (14)]
 38577 | Orc:1    | HP: 2/120 [orc knight/great sword (19)]
 38973 | Orc:2    | HP: 53/120 [orc knight/bolt (20)]
 39295 | Orc:2    | Noticed Nessos
 39303 | D:10     | Paralysed by an orc sorcerer for 6 turns
 39514 | D:10     | HP: 48/120 [orc warlord/great mace (25)]
 39521 | D:10     | HP: 37/120 [orc warlord/great mace (12)]
 39532 | D:10     | Killed an orc warlord
 40256 | Orc:1    | Killed Nessos
 40910 | Orc:2    | Found Sacet's Antique Armour Boutique.
 41037 | Orc:2    | Bought an ichor-stained chain mail for 247 gold pieces
 41037 | Orc:2    | Bought a pair of glowing gloves for 195 gold pieces
 41064 | Orc:1    | Identified the +4 chain mail of Pride {rElec rPois} (You bought it in a shop on level 2 of the Orcish Mines)
 41148 | Orc:2    | Noticed Totori's ghost (adept DrBe)
 41279 | Orc:2    | Found Ichiplo's Jewellery Shoppe.
 41768 | Orc:2    | Noticed an orc warlord
 42008 | D:10     | HP: 53/120 [orc knight/war axe (10)]
 42019 | D:10     | HP: 46/120 [orc knight/war axe (4)]
 42517 | Orc:1    | HP: 56/120 [orc warlord/war axe (8)]
 42522 | Orc:1    | HP: 49/120 [orc warlord/war axe (8)]
 42529 | Orc:1    | HP: 48/120 [orc warlord/war axe (3)]
 42540 | Orc:1    | HP: 44/120 [orc warlord/war axe (5)]
 42545 | Orc:1    | HP: 32/120 [orc warlord/war axe (2)]
 42548 | Orc:1    | Killed an orc warlord
 42867 | Orc:1    | HP: 58/121 [orc knight/great sword (4)]
 43441 | Orc:2    | Found Nosoagepp's Antique Weapon Shoppe.
 43449 | Orc:2    | Bought a runed short sword for 180 gold pieces
 43566 | Orc:2    | Found Asul's General Store.
 43575 | Orc:2    | Bought a scroll of identify for 28 gold pieces
 43575 | Orc:2    | Bought a scroll of identify for 28 gold pieces
 43575 | Orc:2    | Bought a scroll of immolation for 49 gold pieces
 43658 | Orc:2    | HP: 50/121 [ettin/dire flail (25)]
 43658 | Orc:2    | HP: 11/121 [ettin/dire flail (39)]
 43685 | Orc:2    | Demolished by an ettin

Vanquished Creatures
  A frost giant (IceCv)
  2 orc warlords
  Nessos (Orc:1)
  Snorg (D:10)
  Fannar (Orc:1)
  4 hydras
  A two-headed ogre (D:9)
  3 death yaks (Lair:4)
  Urug (D:10)
  2 orc high priests
  8 orc knights
  6 orc sorcerers
  A deep elf mage (D:10)
  A manticore (Lair:1)
  Maurice (Orc:1)
  2 black mambas
  4 elephants (Lair:2)
  2 ice statues (IceCv)
  A gargoyle (D:10)
  8 spiny frogs
  2 ice devils (Lair:6)
  6 komodo dragons
  20 polar bears
  6 trolls
  A wind drake (Lair:5)
  2 hornets (Lair:5)
  A merfolk (D:10)
  11 hippogriffs
  11 blink frogs
  7 dream sheep (Lair:4)
  A vampire (D:10)
  2 shadows
  2 basilisks
  31 yaks
  A human (D:10)
  5 wargs (Orc:1)
  3 nagas (Lair:4)
  4 porcupines
  5 water moccasins
  A sky beast (D:9)
  43 orc warriors
  4 black bears (Lair:2)
  A phantom (D:6)
  An ice beast (D:5)
  7 ogres
  24 wolves
  8 centaurs
  8 crocodiles
  11 bullfrogs
  Blork the orc (D:3)
  A gnoll sergeant (D:10)
  8 scorpions
  3 killer bees
  2 howler monkeys
  4 electric eels
  5 crimson imps
  4 bullfrog zombies
  7 jellies
  A quasit (D:7)
  9 hounds
  12 orc priests
  4 bullfrog skeletons
  3 centaur skeletons
  5 iguanas
  21 orc wizards
  7 worker ants
  A hound skeleton (D:10)
  A worker ant zombie (D:5)
  8 gnolls
  8 adders
  5 shadow imps
  An adder zombie (D:6)
  An adder skeleton (D:7)
  4 worms
  3 dart slugs (D:1)
  7 leopard geckos
  76 orcs
  8 bats
  6 giant cockroaches
  6 goblins
  4 hobgoblins
  2 jackals (D:6)
  6 quokkas
  5 ball pythons
  A ball python skeleton (D:4)
  3 frilled lizards
  2 jackal skeletons
  5 kobolds
  2 quokka zombies
  13 rats
555 creatures vanquished.

Vanquished Creatures (others)
  A human (D:7)
  2 adders (D:10)
  A leopard gecko (D:10)
  18 fungi
  2 plants
24 creatures vanquished.

Grand Total: 579 creatures vanquished

Table legend:
 A = Turns spent in this place as a percentage of turns spent in the entire game.
 B = Non-inter-level travel turns spent in this place as a percentage of non-inter-level travel turns spent in the entire game.
 C = Inter-level travel turns spent in this place as a percentage of turns spent in this place.
 D = Turns resting spent in this place as a percentage of non-inter-level travel turns spent in this place.
 E = Turns spent auto-exploring this place as a percentage of non-inter-level travel turns spent in this place.
 F = Non-inter-level travel turns spent in this place divided by the number of levels of this place that you've seen.
                   A       B       C       D       E      F
               +-------+-------+-------+-------+-------+----------------------
         Total | 100.0 | 100.0 |   7.2 |  49.7 |  27.8 | 1841.9
       Dungeon |  49.9 |  49.3 |   8.4 |  49.7 |  28.6 | 1817.0
        Temple |   0.2 |   0.2 |  12.8 |   0.0 |  87.8 |  82.0
          Lair |  24.1 |  24.0 |   7.7 |  41.8 |  39.9 | 1621.7
  Orcish Mines |  20.1 |  20.4 |   5.8 |  58.9 |  13.3 | 4132.0
         Sewer |   0.3 |   0.3 |   0.0 |  15.7 |  19.1 | 115.0
      Ice Cave |   5.4 |   5.8 |   0.0 |  53.1 |  20.3 | 2343.0
               +-------+-------+-------+-------+-------+----------------------
